[ PARTIDA AOE2 · #471199961 ]
UnrankedBohemios vs Bohemians
[ ANÁLISIS DE REPETICIÓN · EXTRAÍDO DE LA PARTIDA GRABADA ]
Feudal
11:36
Castillos
18:34
Imperial
35:18
| APM promedio | 29.7 |
| APM pico | 90 |
| eAPM promedio | 16.9 |
| Aldeanos / militares | 100 / 185 |
Foco
⚔️ 42.5% · 🌾 57.5%
Skirmisher ×55 · Spearman ×54 · Hand Cannoneer ×29 · Hussite Wagon ×15 · Bombard Cannon ×10 · Monk ×8
Feudal
13:18
Castillos
20:33
Imperial
54:44
| APM promedio | 18.2 |
| APM pico | 61 |
| eAPM promedio | 14.5 |
| Aldeanos / militares | 89 / 265 |
Foco
⚔️ 38.5% · 🌾 61.5%
Spearman ×206 · Huskarl ×59
Feudal
10:34
Castillos
18:10
Imperial
37:52
| APM promedio | 25.0 |
| APM pico | 92 |
| eAPM promedio | 16.1 |
| Aldeanos / militares | 116 / 56 |
Foco
⚔️ 17.5% · 🌾 82.5%
Hussite Wagon ×49 · Trebuchet (Packed) ×4 · Mangonel ×3
Feudal
10:46
Castillos
16:53
Imperial
38:17
| APM promedio | 26.8 |
| APM pico | 67 |
| eAPM promedio | 14.4 |
| Aldeanos / militares | 126 / 160 |
Foco
⚔️ 33.5% · 🌾 66.5%
Knight ×52 · Skirmisher ×52 · Conquistador ×26 · Scout Cavalry ×10 · Mangonel ×9 · Trebuchet (Packed) ×4
Feudal
10:59
Castillos
16:44
Imperial
36:35
| APM promedio | 17.6 |
| APM pico | 43 |
| eAPM promedio | 13.5 |
| Aldeanos / militares | 131 / 175 |
Foco
⚔️ 24.3% · 🌾 75.7%
Steppe Lancer ×117 · Scorpion ×34 · Iron Pagoda ×10 · Bombard Cannon ×7 · Fire Lancer ×3 · Trebuchet (Packed) ×3
Feudal
9:59
Castillos
16:36
Imperial
37:00
| APM promedio | 20.5 |
| APM pico | 48 |
| eAPM promedio | 15.3 |
| Aldeanos / militares | 140 / 175 |
Foco
⚔️ 30.9% · 🌾 69.1%
Scout Cavalry ×99 · Ghulam ×53 · Bombard Cannon ×12 · Monk ×6 · Spearman ×4 · Trebuchet (Packed) ×1
Feudal
9:33
Castillos
20:09
Imperial
42:48
| APM promedio | 19.4 |
| APM pico | 43 |
| eAPM promedio | 11.2 |
| Aldeanos / militares | 138 / 161 |
Foco
⚔️ 27.1% · 🌾 72.9%
Magyar Huszar ×72 · Cavalry Archer ×57 · Scout Cavalry ×19 · Battering Ram ×10 · Mangonel ×3
Feudal
10:44
Castillos
19:49
Imperial
36:34
| APM promedio | 23.3 |
| APM pico | 55 |
| eAPM promedio | 12.7 |
| Aldeanos / militares | 98 / 175 |
Foco
⚔️ 22.8% · 🌾 77.2%
Camel Scout ×55 · Mangudai ×51 · Scorpion ×35 · Cavalry Archer ×13 · Scout Cavalry ×9 · Mangonel ×8
Mapa de la partida
Recursos iniciales + cada clic de construcción. Líneas = muros · curvas = relieve. ◆ oro · ⬟ piedra · ● bayas · ✦ reliquia · ◌ hueco del cierre
Inputs por minuto
— MezcalChief - - eqofriendly
Build order — MezcalChief
Primeras 150 de 373 acciones detectadas
| 0:03 | Crear | Villager (Male) |
| 0:03 | Crear | Villager (Male) |
| 0:03 | Crear | Villager (Male) |
| 0:03 | Crear | Villager (Male) |
| 0:07 | Construir | House |
| 0:10 | Construir | House |
| 0:58 | Construir | House |
| 1:14 | Construir | Building 796 |
| 1:19 | Construir | Palisade Wall |
| 1:25 | Construir | House |
| 1:27 | Construir | House |
| 1:28 | Construir | House |
| 2:14 | Crear | Villager (Male) |
| 2:28 | Construir | Palisade Wall |
| 2:38 | Construir | House |
| 2:40 | Construir | Palisade Wall |
| 2:46 | Crear | Villager (Male) |
| 2:46 | Crear | Villager (Male) |
| 3:12 | Crear | Villager (Male) |
| 3:50 | Crear | Villager (Male) |
| 3:50 | Crear | Villager (Male) |
| 4:12 | Crear | Villager (Male) |
| 4:28 | Crear | Villager (Male) |
| 5:12 | Crear | Villager (Male) |
| 5:12 | Crear | Villager (Male) |
| 5:13 | Crear | Villager (Male) |
| 5:26 | Crear | Villager (Male) |
| 5:36 | Crear | Villager (Male) |
| 5:53 | Crear | Villager (Male) |
| 6:15 | Construir | Mill |
| 6:37 | Crear | Villager (Male) |
| 7:02 | Crear | Villager (Male) |
| 7:14 | Crear | Villager (Male) |
| 7:31 | Crear | Villager (Male) |
| 7:56 | Construir | Lumber Camp |
| 8:47 | Crear | Villager (Male) |
| 9:26 | Investigar | Feudal Age |
| 9:46 | Construir | Mill |
| 10:33 | Construir | Barracks |
| 10:37 | Construir | Palisade Wall |
| 11:13 | Construir | House |
| 11:14 | Construir | House |
| 11:19 | Crear | Villager (Male) |
| 11:19 | Crear | Villager (Male) |
| 11:36 | Edad | Edad Feudal |
| 11:49 | Crear | Villager (Male) |
| 11:51 | Construir | Farm |
| 11:54 | Construir | Farm |
| 11:58 | Construir | Farm |
| 12:04 | Construir | Farm |
| 12:13 | Construir | Farm |
| 12:19 | Crear | Villager (Male) |
| 12:33 | Construir | Farm |
| 12:52 | Crear | Villager (Male) |
| 12:56 | Construir | Farm |
| 13:22 | Crear | Villager (Male) |
| 13:31 | Construir | Farm |
| 13:34 | Construir | Farm |
| 13:37 | Construir | Farm |
| 13:56 | Construir | Mining Camp |
| 14:06 | Crear | Villager (Male) |
| 14:20 | Construir | Farm |
| 14:24 | Crear | Villager (Male) |
| 14:55 | Construir | Market |
| 15:04 | Crear | Villager (Male) |
| 15:09 | Construir | Blacksmith |
| 15:28 | Investigar | Loom |
| 15:49 | Investigar | Castle Age |
| 15:59 | Crear | Spearman |
| 16:08 | Crear | Spearman |
| 16:19 | Crear | Spearman |
| 16:34 | Crear | Spearman |
| 17:07 | Crear | Spearman |
| 17:17 | Construir | Archery Range |
| 17:19 | Crear | Villager (Male) |
| 17:44 | Crear | Villager (Male) |
| 17:50 | Crear | Skirmisher |
| 17:51 | Crear | Skirmisher |
| 17:52 | Crear | Spearman |
| 18:17 | Crear | Skirmisher |
| 18:19 | Construir | House |
| 18:34 | Edad | Edad de los Castillos |
| 18:39 | Crear | Villager (Male) |
| 18:39 | Crear | Villager (Male) |
| 18:47 | Construir | Stone Wall |
| 18:49 | Construir | Stone Wall |
| 19:02 | Construir | Castle |
| 19:36 | Crear | Villager (Male) |
| 19:44 | Investigar | Fletching |
| 19:46 | Investigar | Double-Bit Axe |
| 19:49 | Investigar | Horse Collar |
| 19:51 | Construir | Mining Camp |
| 20:15 | Construir | Lumber Camp |
| 20:22 | Construir | Mining Camp |
| 20:26 | Crear | Villager (Male) |
| 20:28 | Construir | Farm |
| 20:30 | Construir | Farm |
| 21:07 | Construir | University |
| 21:12 | Crear | Villager (Male) |
| 21:12 | Crear | Villager (Male) |
| 21:15 | Investigar | Wheelbarrow |
| 21:33 | Construir | Farm |
| 21:41 | Investigar | Heavy Plow |
| 22:05 | Construir | Farm |
| 22:25 | Crear | Petard |
| 22:25 | Crear | Petard |
| 22:28 | Crear | Hussite Wagon |
| 22:37 | Crear | Petard |
| 23:03 | Crear | Hussite Wagon |
| 23:05 | Crear | Villager (Male) |
| 23:06 | Crear | Villager (Male) |
| 23:24 | Crear | Villager (Male) |
| 23:53 | Construir | Town Center |
| 23:59 | Crear | Villager (Male) |
| 24:04 | Construir | Farm |
| 24:13 | Investigar | Bow Saw |
| 24:18 | Construir | Lumber Camp |
| 24:29 | Investigar | Bow Saw |
| 24:33 | Crear | Villager (Male) |
| 24:37 | Crear | Hussite Wagon |
| 25:03 | Construir | Monastery |
| 25:27 | Crear | Hussite Wagon |
| 26:16 | Crear | Petard |
| 26:20 | Crear | Monk |
| 26:24 | Construir | Siege Workshop |
| 27:31 | Crear | Petard |
| 27:31 | Crear | Petard |
| 27:33 | Investigar | Hand Cart |
| 27:38 | Construir | Town Center |
| 27:44 | Construir | Town Center |
| 27:54 | Construir | Farm |
| 27:55 | Construir | Farm |
| 27:59 | Investigar | Town Watch |
| 28:00 | Crear | Villager (Male) |
| 28:00 | Crear | Villager (Male) |
| 28:00 | Crear | Villager (Male) |
| 28:00 | Crear | Villager (Male) |
| 28:01 | Crear | Villager (Male) |
| 28:08 | Construir | Farm |
| 28:09 | Construir | Farm |
| 28:09 | Construir | Farm |
| 28:10 | Construir | Farm |
| 28:32 | Crear | Hussite Wagon |
| 29:03 | Investigar | Ballistics |
| 29:07 | Investigar | Town Patrol |
| 29:08 | Crear | Villager (Male) |
| 29:14 | Crear | Villager (Male) |
| 30:17 | Crear | Villager (Male) |
| 30:18 | Crear | Villager (Male) |
| 30:19 | Crear | Villager (Male) ×5 |
Build order — eqofriendly
Primeras 150 de 429 acciones detectadas
| 0:01 | Crear | Villager (Male) |
| 0:01 | Crear | Villager (Male) |
| 0:01 | Crear | Villager (Male) |
| 0:01 | Crear | Villager (Male) |
| 0:02 | Crear | Villager (Male) |
| 0:04 | Construir | House |
| 0:05 | Construir | House |
| 0:07 | Construir | House |
| 1:39 | Crear | Villager (Male) |
| 2:09 | Crear | Villager (Male) |
| 2:55 | Crear | Villager (Male) |
| 2:55 | Crear | Villager (Male) |
| 3:17 | Crear | Villager (Male) |
| 3:28 | Crear | Villager (Male) |
| 4:41 | Crear | Villager (Male) |
| 4:41 | Crear | Villager (Male) |
| 5:12 | Crear | Villager (Male) |
| 5:39 | Crear | Villager (Male) |
| 5:39 | Crear | Villager (Male) |
| 6:02 | Construir | House |
| 6:18 | Construir | Mill |
| 6:33 | Crear | Villager (Male) |
| 6:33 | Crear | Villager (Male) |
| 6:33 | Crear | Villager (Male) |
| 6:48 | Crear | Villager (Male) |
| 6:58 | Crear | Villager (Male) |
| 7:28 | Crear | Villager (Male) |
| 7:28 | Crear | Villager (Male) |
| 7:28 | Crear | Villager (Male) |
| 7:29 | Crear | Villager (Male) |
| 7:30 | Crear | Villager (Male) |
| 7:30 | Crear | Villager (Male) |
| 8:07 | Construir | Mill |
| 8:33 | Construir | House |
| 8:34 | Construir | House |
| 8:47 | Crear | Villager (Male) |
| 8:48 | Crear | Villager (Male) |
| 8:58 | Construir | House |
| 8:59 | Construir | House |
| 9:01 | Construir | House |
| 10:11 | Construir | Lumber Camp |
| 10:49 | Construir | Mining Camp |
| 10:57 | Investigar | Feudal Age |
| 11:41 | Construir | Mining Camp |
| 11:58 | Crear | Villager (Male) |
| 11:58 | Crear | Villager (Male) |
| 12:14 | Construir | Farm |
| 12:19 | Construir | Farm |
| 12:38 | Construir | Farm |
| 12:45 | Construir | Farm |
| 13:07 | Construir | Farm |
| 13:18 | Edad | Edad Feudal |
| 13:29 | Crear | Villager (Male) |
| 13:29 | Crear | Villager (Male) |
| 13:37 | Construir | Farm |
| 13:53 | Construir | Farm |
| 14:16 | Construir | Farm |
| 14:21 | Crear | Villager (Male) |
| 14:21 | Crear | Villager (Male) |
| 14:22 | Crear | Villager (Male) |
| 14:22 | Crear | Villager (Male) |
| 14:37 | Construir | Farm |
| 14:58 | Construir | Farm |
| 15:19 | Construir | Farm |
| 15:30 | Construir | Farm |
| 16:15 | Construir | Market |
| 16:26 | Crear | Villager (Male) |
| 16:27 | Crear | Villager (Male) |
| 16:28 | Crear | Villager (Male) |
| 17:01 | Construir | Blacksmith |
| 17:08 | Crear | Villager (Male) |
| 17:08 | Crear | Villager (Male) |
| 17:33 | Investigar | Castle Age |
| 18:48 | Construir | Barracks |
| 18:54 | Crear | Villager (Male) |
| 18:54 | Crear | Villager (Male) |
| 18:55 | Crear | Villager (Male) |
| 19:28 | Construir | House |
| 19:29 | Construir | House |
| 19:30 | Construir | House |
| 19:31 | Construir | House |
| 19:33 | Construir | House |
| 19:34 | Construir | House |
| 19:40 | Construir | House |
| 19:41 | Construir | House |
| 19:42 | Construir | House |
| 19:42 | Construir | House |
| 19:43 | Construir | House |
| 19:44 | Construir | House |
| 19:54 | Crear | Spearman |
| 19:54 | Crear | Spearman |
| 19:54 | Crear | Spearman |
| 19:54 | Crear | Spearman |
| 19:55 | Crear | Spearman |
| 19:55 | Crear | Spearman |
| 19:58 | Crear | Spearman |
| 19:58 | Crear | Spearman |
| 19:59 | Crear | Spearman |
| 20:00 | Crear | Spearman |
| 20:00 | Crear | Spearman |
| 20:33 | Edad | Edad de los Castillos |
| 20:42 | Construir | Barracks |
| 20:58 | Construir | Town Center |
| 21:29 | Construir | Town Center |
| 21:37 | Crear | Villager (Male) |
| 21:37 | Crear | Villager (Male) |
| 21:38 | Crear | Villager (Male) |
| 21:38 | Crear | Villager (Male) |
| 21:41 | Crear | Villager (Male) |
| 21:44 | Crear | Villager (Male) |
| 21:45 | Crear | Villager (Male) |
| 21:45 | Crear | Villager (Male) |
| 21:45 | Crear | Villager (Male) |
| 22:14 | Crear | Villager (Male) |
| 22:14 | Crear | Villager (Male) |
| 22:19 | Crear | Villager (Male) |
| 22:19 | Crear | Villager (Male) |
| 22:19 | Crear | Villager (Male) |
| 22:21 | Crear | Villager (Male) |
| 22:21 | Crear | Villager (Male) |
| 22:48 | Crear | Spearman |
| 22:48 | Crear | Spearman |
| 22:48 | Crear | Spearman |
| 22:49 | Crear | Spearman |
| 23:31 | Construir | Lumber Camp |
| 23:44 | Crear | Spearman |
| 23:44 | Crear | Spearman |
| 23:56 | Investigar | Wheelbarrow |
| 23:57 | Investigar | Town Watch |
| 23:57 | Crear | Villager (Male) |
| 23:58 | Crear | Villager (Male) |
| 23:58 | Crear | Villager (Male) |
| 24:05 | Crear | Villager (Male) |
| 24:05 | Crear | Villager (Male) |
| 24:11 | Crear | Villager (Male) |
| 24:13 | Crear | Spearman |
| 24:14 | Crear | Spearman |
| 24:39 | Crear | Spearman |
| 24:39 | Crear | Spearman |
| 24:39 | Crear | Spearman |
| 24:52 | Construir | Castle |
| 24:59 | Crear | Villager (Male) |
| 24:59 | Crear | Villager (Male) |
| 25:17 | Construir | Barracks |
| 25:25 | Construir | Barracks |
| 25:31 | Investigar | Pikeman (upgrade) |
| 25:41 | Crear | Spearman |
| 25:42 | Crear | Spearman |
| 26:03 | Crear | Spearman |
| 26:03 | Crear | Spearman |
Build order — Retram60
Primeras 150 de 153 acciones detectadas
| 0:03 | Construir | House |
| 0:07 | Construir | House |
| 0:08 | Investigar | Loom |
| 0:08 | Crear | Villager (Male) ×4 |
| 1:54 | Crear | Villager (Male) |
| 2:20 | Crear | Villager (Male) |
| 2:42 | Crear | Villager (Male) |
| 3:09 | Crear | Villager (Male) |
| 4:05 | Crear | Villager (Male) |
| 4:13 | Construir | House |
| 4:17 | Construir | Mill |
| 4:39 | Crear | Villager (Male) |
| 5:06 | Crear | Villager (Male) |
| 5:24 | Crear | Villager (Male) ×2 |
| 5:42 | Construir | Lumber Camp |
| 6:58 | Crear | Villager (Male) ×5 |
| 7:29 | Construir | Mill |
| 8:04 | Crear | Villager (Male) |
| 8:05 | Investigar | Feudal Age |
| 8:24 | Investigar | Feudal Age |
| 9:51 | Construir | Barracks |
| 9:55 | Construir | House |
| 10:33 | Crear | Villager (Male) ×5 |
| 10:34 | Edad | Edad Feudal |
| 10:39 | Construir | House |
| 10:41 | Construir | House |
| 11:03 | Construir | Mining Camp |
| 12:01 | Crear | Villager (Male) |
| 12:19 | Construir | Farm |
| 12:19 | Construir | Farm |
| 12:20 | Construir | Farm |
| 12:20 | Construir | Farm |
| 12:20 | Construir | Farm |
| 12:44 | Construir | Blacksmith |
| 13:02 | Crear | Villager (Male) |
| 13:02 | Crear | Villager (Male) |
| 13:03 | Crear | Villager (Male) |
| 13:03 | Crear | Villager (Male) |
| 13:16 | Construir | Mining Camp |
| 14:02 | Construir | Market |
| 15:30 | Investigar | Castle Age |
| 15:46 | Construir | Farm |
| 15:46 | Construir | Farm |
| 15:47 | Construir | Farm |
| 15:49 | Construir | Farm |
| 16:04 | Construir | Farm |
| 16:29 | Construir | Farm |
| 17:51 | Crear | Villager (Male) ×5 |
| 18:10 | Edad | Edad de los Castillos |
| 19:24 | Construir | Town Center |
| 19:48 | Crear | Villager (Male) ×5 |
| 20:00 | Construir | House |
| 20:47 | Construir | Castle |
| 20:50 | Crear | Villager (Male) ×5 |
| 20:53 | Investigar | Double-Bit Axe |
| 20:56 | Investigar | Horse Collar |
| 21:12 | Construir | Farm |
| 21:23 | Construir | House |
| 22:04 | Construir | Siege Workshop |
| 22:10 | Construir | Farm |
| 22:11 | Construir | Farm |
| 22:15 | Crear | Villager (Male) |
| 22:40 | Crear | Mangonel |
| 22:53 | Crear | Villager (Male) ×3 |
| 23:23 | Construir | Mining Camp |
| 23:26 | Crear | Hussite Wagon |
| 23:54 | Construir | Farm |
| 24:00 | Crear | Villager (Male) ×4 |
| 24:10 | Crear | Hussite Wagon |
| 24:38 | Crear | Villager (Male) ×3 |
| 24:53 | Crear | Villager (Male) |
| 25:02 | Crear | Hussite Wagon |
| 25:03 | Crear | Hussite Wagon |
| 25:04 | Crear | Hussite Wagon |
| 26:17 | Crear | Hussite Wagon |
| 26:18 | Crear | Hussite Wagon |
| 27:08 | Crear | Hussite Wagon |
| 27:08 | Crear | Hussite Wagon |
| 27:12 | Crear | Mangonel |
| 27:49 | Crear | Hussite Wagon ×3 |
| 29:32 | Construir | Stable |
| 29:50 | Construir | Castle |
| 30:48 | Construir | Farm |
| 30:49 | Crear | Villager (Male) ×5 |
| 31:45 | Construir | Mining Camp |
| 32:25 | Crear | Hussite Wagon ×5 |
| 32:58 | Crear | Hussite Wagon ×5 |
| 32:59 | Crear | Hussite Wagon ×5 |
| 33:05 | Construir | Farm |
| 33:05 | Construir | Farm |
| 33:05 | Construir | Farm |
| 33:06 | Construir | Farm |
| 33:06 | Construir | Farm |
| 33:10 | Crear | Villager (Male) ×5 |
| 33:17 | Investigar | Bow Saw |
| 34:42 | Investigar | Imperial Age |
| 35:28 | Crear | Mangonel |
| 35:58 | Crear | Hussite Wagon ×4 |
| 36:56 | Crear | Hussite Wagon |
| 37:10 | Crear | Villager (Male) ×5 |
| 37:10 | Crear | Villager (Male) ×5 |
| 37:15 | Crear | Villager (Male) ×5 |
| 37:15 | Crear | Villager (Male) ×5 |
| 37:52 | Edad | Edad Imperial |
| 38:16 | Crear | Trebuchet (Packed) |
| 38:16 | Crear | Trebuchet (Packed) |
| 39:10 | Construir | Mining Camp |
| 40:01 | Investigar | Fletching |
| 40:09 | Construir | University |
| 40:13 | Construir | Monastery |
| 40:28 | Crear | Hussite Wagon ×5 |
| 43:47 | Crear | Hussite Wagon ×5 |
| 43:49 | Crear | Hussite Wagon ×5 |
| 44:26 | Investigar | Husbandry |
| 44:26 | Investigar | Cavalier (upgrade) |
| 44:41 | Construir | Mining Camp |
| 44:56 | Construir | Town Center |
| 45:06 | Investigar | Murder Holes |
| 45:08 | Investigar | Chemistry |
| 45:37 | Crear | Hussite Wagon ×2 |
| 47:44 | Investigar | Elite Hussite Wagon (upgrade) |
| 48:17 | Crear | Villager (Male) ×5 |
| 48:18 | Crear | Villager (Male) ×5 |
| 48:26 | Crear | Villager (Male) ×5 |
| 48:26 | Crear | Villager (Male) ×5 |
| 48:36 | Construir | Mining Camp |
| 48:39 | Construir | Mining Camp |
| 48:48 | Construir | House |
| 48:49 | Construir | House |
| 48:49 | Construir | House |
| 48:49 | Construir | House |
| 48:49 | Construir | House |
| 48:50 | Construir | House |
| 48:50 | Construir | House |
| 48:50 | Construir | House |
| 48:52 | Construir | House |
| 48:53 | Construir | House |
| 48:54 | Construir | House |
| 49:42 | Construir | Lumber Camp |
| 49:48 | Construir | Lumber Camp |
| 49:58 | Investigar | Two-Man Saw |
| 50:10 | Crear | Trebuchet (Packed) |
| 50:10 | Crear | Trebuchet (Packed) |
| 51:46 | Construir | Castle |
| 52:14 | Construir | House |
| 52:14 | Construir | House |
| 52:16 | Construir | House |
| 52:36 | Construir | Siege Workshop |
| 52:38 | Construir | Siege Workshop |
| 52:40 | Construir | Siege Workshop |
Build order — LaBerni
Primeras 150 de 391 acciones detectadas
| 0:03 | Construir | House |
| 0:04 | Crear | Villager (Male) |
| 0:04 | Crear | Villager (Male) |
| 0:05 | Crear | Villager (Male) |
| 0:05 | Crear | Villager (Male) |
| 0:05 | Crear | Villager (Male) |
| 0:07 | Construir | House |
| 1:28 | Crear | Villager (Male) |
| 1:28 | Crear | Villager (Male) |
| 1:28 | Crear | Villager (Male) |
| 2:04 | Crear | Villager (Male) |
| 2:05 | Crear | Villager (Male) |
| 2:23 | Crear | Villager (Male) |
| 2:24 | Crear | Villager (Male) |
| 2:27 | Construir | Lumber Camp |
| 3:14 | Crear | Villager (Male) |
| 3:14 | Crear | Villager (Male) |
| 3:14 | Crear | Villager (Male) |
| 3:15 | Crear | Villager (Male) |
| 3:50 | Construir | House |
| 3:58 | Crear | Villager (Male) |
| 3:59 | Crear | Villager (Male) |
| 4:01 | Crear | Villager (Male) |
| 4:01 | Crear | Villager (Male) |
| 4:48 | Crear | Villager (Male) |
| 4:48 | Crear | Villager (Male) |
| 5:06 | Crear | Villager (Male) |
| 5:06 | Crear | Villager (Male) |
| 5:06 | Crear | Villager (Male) |
| 5:27 | Construir | Mill |
| 5:29 | Crear | Villager (Male) |
| 5:29 | Crear | Villager (Male) |
| 5:29 | Crear | Villager (Male) |
| 5:42 | Construir | House |
| 6:19 | Crear | Villager (Male) |
| 7:03 | Crear | Villager (Male) |
| 7:06 | Crear | Villager (Male) |
| 7:06 | Crear | Villager (Male) |
| 7:59 | Construir | Mining Camp |
| 8:36 | Investigar | Feudal Age |
| 8:37 | Investigar | Feudal Age |
| 8:42 | Construir | Barracks |
| 8:51 | Construir | Mill |
| 9:02 | Crear | Villager (Male) |
| 9:02 | Crear | Villager (Male) |
| 9:33 | Crear | Villager (Male) |
| 9:41 | Crear | Villager (Male) |
| 10:46 | Edad | Edad Feudal |
| 11:09 | Construir | Stable |
| 11:17 | Construir | Blacksmith |
| 11:37 | Construir | House |
| 11:39 | Construir | House |
| 11:46 | Construir | House |
| 11:57 | Investigar | Loom |
| 11:59 | Crear | Villager (Male) |
| 11:59 | Crear | Villager (Male) |
| 12:43 | Construir | Farm |
| 12:43 | Construir | Farm |
| 12:43 | Construir | Farm |
| 12:44 | Construir | Farm |
| 12:44 | Construir | Farm |
| 12:44 | Construir | Farm |
| 12:44 | Construir | Farm |
| 12:44 | Construir | Farm |
| 12:45 | Construir | Farm |
| 12:56 | Investigar | Double-Bit Axe |
| 13:32 | Investigar | Bloodlines |
| 13:50 | Construir | Farm |
| 13:50 | Construir | Farm |
| 13:50 | Construir | Farm |
| 14:13 | Investigar | Castle Age |
| 14:13 | Investigar | Castle Age |
| 14:13 | Investigar | Castle Age |
| 15:21 | Construir | Mining Camp |
| 15:29 | Crear | Villager (Male) |
| 15:29 | Crear | Villager (Male) |
| 15:37 | Investigar | Bloodlines |
| 16:06 | Construir | Farm |
| 16:10 | Construir | Farm |
| 16:48 | Investigar | Scale Barding Armor |
| 16:53 | Edad | Edad de los Castillos |
| 16:53 | Crear | Knight |
| 16:54 | Crear | Knight |
| 17:10 | Construir | Town Center |
| 17:23 | Construir | Farm |
| 17:26 | Crear | Villager (Male) |
| 17:47 | Crear | Knight |
| 18:16 | Crear | Villager (Male) |
| 18:24 | Crear | Villager (Male) |
| 18:24 | Crear | Villager (Male) |
| 18:39 | Construir | Farm |
| 18:43 | Crear | Villager (Male) |
| 18:57 | Crear | Knight |
| 19:37 | Crear | Villager (Male) |
| 19:37 | Crear | Villager (Male) |
| 19:46 | Investigar | Fletching |
| 19:46 | Investigar | Padded Archer Armor |
| 20:08 | Crear | Knight |
| 20:17 | Crear | Villager (Male) |
| 20:28 | Construir | Farm |
| 20:50 | Crear | Knight |
| 20:50 | Crear | Knight |
| 21:14 | Construir | Castle |
| 21:28 | Crear | Villager (Male) |
| 21:29 | Crear | Villager (Male) |
| 21:29 | Crear | Villager (Male) |
| 21:45 | Construir | Farm |
| 22:17 | Construir | Siege Workshop |
| 23:31 | Crear | Conquistador |
| 23:32 | Crear | Conquistador |
| 23:32 | Crear | Conquistador |
| 23:32 | Crear | Conquistador |
| 24:02 | Crear | Villager (Male) |
| 24:02 | Crear | Villager (Male) |
| 24:02 | Crear | Villager (Male) |
| 24:03 | Crear | Villager (Male) |
| 24:03 | Crear | Villager (Male) |
| 24:04 | Crear | Villager (Male) |
| 24:06 | Construir | Farm |
| 24:06 | Construir | Farm |
| 24:07 | Construir | Farm |
| 24:07 | Construir | Farm |
| 24:07 | Construir | Farm |
| 24:07 | Construir | Farm |
| 24:08 | Construir | Farm |
| 24:10 | Investigar | Bow Saw |
| 24:23 | Construir | Archery Range |
| 24:25 | Construir | Archery Range |
| 24:41 | Crear | Villager (Male) |
| 24:42 | Crear | Villager (Male) |
| 24:42 | Crear | Villager (Male) |
| 24:50 | Crear | Mangonel |
| 25:24 | Crear | Conquistador |
| 25:24 | Crear | Conquistador |
| 25:45 | Crear | Villager (Male) |
| 25:46 | Crear | Villager (Male) |
| 25:46 | Crear | Villager (Male) |
| 26:05 | Investigar | Husbandry |
| 26:05 | Investigar | Husbandry |
| 26:14 | Crear | Conquistador |
| 26:30 | Crear | Conquistador |
| 26:36 | Crear | Knight |
| 26:36 | Crear | Knight |
| 26:53 | Crear | Battering Ram |
| 27:17 | Crear | Villager (Male) |
| 27:17 | Crear | Villager (Male) |
| 27:17 | Crear | Villager (Male) |
| 27:18 | Crear | Villager (Male) |
| 27:27 | Construir | Farm |
| 27:32 | Construir | Farm |
Build order — lalulelilo
Primeras 150 de 375 acciones detectadas
| 0:02 | Crear | Villager (Male) |
| 0:03 | Crear | Villager (Male) |
| 0:07 | Construir | House |
| 0:09 | Construir | House |
| 0:52 | Crear | Villager (Male) |
| 0:53 | Crear | Villager (Male) |
| 1:51 | Crear | Villager (Male) |
| 2:32 | Crear | Villager (Male) |
| 2:32 | Crear | Villager (Male) |
| 3:36 | Construir | Lumber Camp |
| 3:37 | Crear | Villager (Male) |
| 3:38 | Crear | Villager (Male) |
| 3:45 | Crear | Villager (Male) |
| 3:51 | Crear | Villager (Male) |
| 4:38 | Construir | House |
| 4:46 | Crear | Villager (Male) |
| 5:36 | Crear | Villager (Male) |
| 5:47 | Construir | Mill |
| 6:05 | Crear | Villager (Male) |
| 6:34 | Crear | Villager (Male) |
| 6:55 | Construir | House |
| 6:58 | Crear | Villager (Male) |
| 7:25 | Crear | Villager (Male) |
| 7:26 | Crear | Villager (Male) |
| 7:55 | Crear | Villager (Male) |
| 8:22 | Construir | Mining Camp |
| 8:49 | Investigar | Feudal Age |
| 8:56 | Construir | Mill |
| 10:01 | Construir | Lumber Camp |
| 10:59 | Edad | Edad Feudal |
| 11:00 | Investigar | Wheelbarrow |
| 11:25 | Construir | Market |
| 12:19 | Construir | Farm |
| 12:20 | Construir | Farm |
| 12:20 | Construir | Farm |
| 12:24 | Crear | Villager (Male) |
| 12:41 | Construir | Blacksmith |
| 12:43 | Crear | Villager (Male) |
| 12:58 | Construir | Farm |
| 13:25 | Construir | Farm |
| 13:26 | Crear | Villager (Male) |
| 14:04 | Investigar | Castle Age |
| 14:13 | Construir | Farm |
| 14:17 | Investigar | Double-Bit Axe |
| 14:58 | Investigar | Horse Collar |
| 15:18 | Construir | Farm |
| 15:18 | Construir | Farm |
| 16:38 | Crear | Villager (Male) |
| 16:44 | Edad | Edad de los Castillos |
| 16:50 | Construir | House |
| 16:53 | Investigar | Hand Cart |
| 17:06 | Construir | Town Center |
| 17:14 | Construir | Town Center |
| 17:18 | Crear | Villager (Male) |
| 17:30 | Crear | Villager (Male) |
| 18:00 | Crear | Villager (Male) |
| 18:00 | Crear | Villager (Male) |
| 18:19 | Construir | Farm |
| 18:50 | Construir | Farm |
| 18:53 | Crear | Villager (Male) |
| 18:53 | Crear | Villager (Male) |
| 19:12 | Crear | Villager (Male) |
| 19:28 | Construir | Town Center |
| 19:30 | Crear | Villager (Male) |
| 19:32 | Crear | Villager (Male) |
| 19:32 | Crear | Villager (Male) |
| 19:35 | Construir | Farm |
| 19:51 | Construir | Farm |
| 19:54 | Crear | Villager (Male) |
| 19:54 | Crear | Villager (Male) |
| 19:55 | Crear | Villager (Male) |
| 20:16 | Construir | Farm |
| 20:57 | Crear | Villager (Male) |
| 20:57 | Crear | Villager (Male) |
| 20:58 | Crear | Villager (Male) |
| 20:58 | Crear | Villager (Male) |
| 21:03 | Construir | House |
| 21:04 | Construir | House |
| 21:04 | Construir | House |
| 21:04 | Construir | House |
| 21:06 | Crear | Villager (Male) |
| 21:06 | Crear | Villager (Male) |
| 21:07 | Crear | Villager (Male) |
| 21:10 | Construir | Farm |
| 21:10 | Construir | Farm |
| 21:17 | Crear | Villager (Male) |
| 21:32 | Construir | Farm |
| 21:33 | Crear | Villager (Male) |
| 21:33 | Crear | Villager (Male) |
| 21:35 | Crear | Villager (Male) |
| 21:35 | Crear | Villager (Male) |
| 21:56 | Crear | Villager (Male) |
| 21:57 | Crear | Villager (Male) |
| 21:57 | Crear | Villager (Male) |
| 22:01 | Construir | Farm |
| 22:06 | Construir | Farm |
| 22:08 | Construir | Farm |
| 22:19 | Construir | Farm |
| 22:24 | Construir | Farm |
| 22:30 | Investigar | Bow Saw |
| 22:33 | Construir | Farm |
| 22:41 | Construir | Farm |
| 22:42 | Construir | Farm |
| 22:46 | Construir | Farm |
| 22:59 | Construir | Farm |
| 23:05 | Crear | Villager (Male) |
| 23:05 | Crear | Villager (Male) |
| 23:05 | Crear | Villager (Male) |
| 23:06 | Crear | Villager (Male) |
| 23:06 | Crear | Villager (Male) |
| 23:17 | Construir | Lumber Camp |
| 23:27 | Crear | Villager (Male) |
| 23:27 | Crear | Villager (Male) |
| 23:27 | Crear | Villager (Male) |
| 23:35 | Construir | House |
| 23:36 | Construir | House |
| 23:36 | Construir | House |
| 23:36 | Construir | House |
| 23:37 | Construir | House |
| 23:46 | Crear | Villager (Male) |
| 23:46 | Crear | Villager (Male) |
| 23:46 | Crear | Villager (Male) |
| 23:47 | Crear | Villager (Male) |
| 23:59 | Construir | House |
| 24:00 | Construir | House |
| 24:01 | Construir | House |
| 24:23 | Construir | Farm |
| 24:24 | Construir | Farm |
| 24:24 | Construir | Farm |
| 24:24 | Construir | Farm |
| 24:35 | Crear | Villager (Male) |
| 24:35 | Crear | Villager (Male) |
| 24:49 | Crear | Villager (Male) |
| 24:50 | Crear | Villager (Male) |
| 24:50 | Crear | Villager (Male) |
| 24:50 | Crear | Villager (Male) |
| 25:27 | Crear | Villager (Male) |
| 25:28 | Crear | Villager (Male) |
| 25:28 | Crear | Villager (Male) |
| 25:28 | Crear | Villager (Male) |
| 25:29 | Crear | Villager (Male) |
| 25:29 | Crear | Villager (Male) |
| 25:30 | Crear | Villager (Male) |
| 25:30 | Crear | Villager (Male) |
| 25:33 | Construir | House |
| 25:34 | Construir | House |
| 25:34 | Construir | House |
| 25:48 | Construir | Farm |
| 25:48 | Construir | Farm |
| 25:48 | Construir | Farm |
Build order — Mocho
Primeras 150 de 428 acciones detectadas
| 0:03 | Construir | House |
| 0:05 | Construir | House |
| 0:06 | Crear | Villager (Male) |
| 0:06 | Crear | Villager (Male) |
| 0:06 | Crear | Villager (Male) |
| 0:07 | Crear | Villager (Male) |
| 0:07 | Crear | Villager (Male) |
| 1:13 | Crear | Villager (Male) |
| 1:38 | Crear | Villager (Male) |
| 2:08 | Crear | Villager (Male) |
| 2:46 | Crear | Villager (Male) |
| 3:29 | Crear | Villager (Male) |
| 3:30 | Crear | Villager (Male) |
| 3:37 | Construir | Mill |
| 4:08 | Construir | House |
| 4:20 | Crear | Villager (Male) |
| 4:21 | Crear | Villager (Male) |
| 4:48 | Crear | Villager (Male) |
| 4:49 | Crear | Villager (Male) |
| 4:59 | Construir | Lumber Camp |
| 5:13 | Crear | Villager (Male) |
| 5:14 | Crear | Villager (Male) |
| 5:14 | Crear | Villager (Male) |
| 5:41 | Crear | Villager (Male) |
| 6:15 | Crear | Villager (Male) |
| 6:15 | Crear | Villager (Male) |
| 6:42 | Construir | House |
| 7:28 | Construir | Mill |
| 7:44 | Investigar | Feudal Age |
| 7:44 | Investigar | Feudal Age |
| 7:47 | Investigar | Loom |
| 8:20 | Construir | House |
| 8:21 | Construir | House |
| 8:43 | Crear | Villager (Male) |
| 8:44 | Crear | Villager (Male) |
| 9:12 | Construir | Barracks |
| 9:14 | Construir | House |
| 9:15 | Construir | House |
| 9:59 | Edad | Edad Feudal |
| 10:01 | Investigar | Double-Bit Axe |
| 10:30 | Crear | Villager (Male) |
| 10:45 | Construir | Blacksmith |
| 11:34 | Construir | Mining Camp |
| 11:58 | Crear | Villager (Male) |
| 12:39 | Construir | Market |
| 12:50 | Construir | Farm |
| 12:50 | Construir | Farm |
| 13:25 | Investigar | Arson |
| 13:38 | Investigar | Arson |
| 13:56 | Investigar | Castle Age |
| 14:00 | Construir | Farm |
| 14:00 | Construir | Farm |
| 14:00 | Construir | Farm |
| 14:03 | Construir | Farm |
| 14:04 | Construir | Farm |
| 14:18 | Crear | Villager (Male) |
| 14:18 | Crear | Villager (Male) |
| 14:18 | Crear | Villager (Male) |
| 15:05 | Crear | Spearman |
| 15:05 | Crear | Spearman |
| 15:41 | Construir | Mining Camp |
| 16:36 | Edad | Edad de los Castillos |
| 17:34 | Crear | Villager (Male) |
| 17:34 | Crear | Villager (Male) |
| 17:34 | Crear | Villager (Male) |
| 17:34 | Crear | Villager (Male) |
| 18:24 | Crear | Villager (Male) |
| 18:28 | Construir | Farm |
| 18:33 | Construir | Farm |
| 18:45 | Crear | Spearman |
| 18:45 | Crear | Spearman |
| 20:06 | Construir | Castle |
| 20:35 | Crear | Villager (Male) |
| 20:35 | Crear | Villager (Male) |
| 20:35 | Crear | Villager (Male) |
| 20:36 | Crear | Villager (Male) |
| 21:11 | Construir | Farm |
| 21:16 | Crear | Villager (Male) |
| 21:16 | Crear | Villager (Male) |
| 21:23 | Construir | Farm |
| 21:23 | Construir | Farm |
| 21:24 | Construir | Farm |
| 21:36 | Construir | Town Center |
| 21:40 | Crear | Ghulam |
| 21:41 | Crear | Ghulam |
| 21:41 | Crear | Ghulam |
| 22:16 | Construir | Farm |
| 22:42 | Investigar | Scale Mail Armor |
| 22:57 | Crear | Villager (Male) |
| 22:57 | Crear | Villager (Male) |
| 22:57 | Crear | Villager (Male) |
| 22:57 | Crear | Villager (Male) |
| 22:57 | Crear | Villager (Male) |
| 23:02 | Crear | Villager (Male) |
| 23:02 | Crear | Villager (Male) |
| 23:08 | Construir | Farm |
| 23:10 | Construir | Farm |
| 23:11 | Construir | Farm |
| 23:24 | Crear | Villager (Male) |
| 23:25 | Crear | Villager (Male) |
| 23:25 | Crear | Villager (Male) |
| 24:14 | Crear | Villager (Male) |
| 24:16 | Crear | Villager (Male) |
| 24:21 | Construir | Farm |
| 24:22 | Construir | Farm |
| 24:22 | Construir | Farm |
| 24:25 | Crear | Villager (Male) |
| 24:26 | Crear | Villager (Male) |
| 24:39 | Construir | Farm |
| 24:39 | Construir | Farm |
| 24:40 | Construir | Farm |
| 24:40 | Construir | Farm |
| 24:45 | Crear | Villager (Male) |
| 24:45 | Crear | Villager (Male) |
| 24:46 | Crear | Villager (Male) |
| 25:32 | Crear | Villager (Male) |
| 25:34 | Crear | Villager (Male) |
| 25:34 | Crear | Villager (Male) |
| 25:35 | Crear | Villager (Male) |
| 25:46 | Construir | Farm |
| 25:57 | Construir | Barracks |
| 26:21 | Construir | Castle |
| 26:52 | Crear | Villager (Male) |
| 26:52 | Crear | Villager (Male) |
| 26:56 | Investigar | Wheelbarrow |
| 26:57 | Crear | Villager (Male) |
| 26:57 | Crear | Villager (Male) |
| 27:28 | Construir | Monastery |
| 27:35 | Crear | Ghulam |
| 27:35 | Crear | Ghulam |
| 27:36 | Crear | Ghulam |
| 27:37 | Crear | Ghulam |
| 27:37 | Crear | Ghulam |
| 27:49 | Construir | Farm |
| 27:49 | Construir | Farm |
| 27:54 | Construir | Farm |
| 27:54 | Construir | Farm |
| 27:54 | Construir | Farm |
| 28:20 | Construir | Mining Camp |
| 28:47 | Investigar | Redemption |
| 28:48 | Crear | Monk |
| 28:54 | Investigar | Bow Saw |
| 28:57 | Investigar | Horse Collar |
| 29:00 | Crear | Villager (Male) |
| 29:03 | Crear | Villager (Male) |
| 29:04 | Crear | Villager (Male) |
| 29:24 | Construir | Mining Camp |
| 30:21 | Crear | Monk |
| 30:21 | Crear | Monk |
| 30:21 | Crear | Monk |
Build order — Mr. Shlampter
Primeras 150 de 333 acciones detectadas
| 0:01 | Crear | Villager (Male) |
| 0:01 | Crear | Villager (Male) |
| 0:02 | Crear | Villager (Male) |
| 0:03 | Construir | House |
| 0:07 | Construir | House |
| 0:23 | Crear | Villager (Male) |
| 0:24 | Crear | Villager (Male) |
| 1:35 | Crear | Villager (Male) |
| 1:35 | Crear | Villager (Male) |
| 1:40 | Construir | Mill |
| 2:01 | Crear | Villager (Male) |
| 2:33 | Crear | Villager (Male) |
| 2:54 | Crear | Villager (Male) |
| 2:54 | Crear | Villager (Male) |
| 3:38 | Crear | Villager (Male) |
| 3:38 | Crear | Villager (Male) |
| 3:51 | Construir | House |
| 4:15 | Crear | Villager (Male) |
| 4:50 | Crear | Villager (Male) |
| 5:01 | Crear | Villager (Male) |
| 5:02 | Crear | Villager (Male) |
| 5:12 | Crear | Villager (Male) |
| 5:21 | Crear | Villager (Male) |
| 5:32 | Construir | Lumber Camp |
| 5:42 | Crear | Villager (Male) |
| 5:43 | Crear | Villager (Male) |
| 6:45 | Construir | House |
| 6:57 | Investigar | Loom |
| 7:08 | Investigar | Feudal Age |
| 7:50 | Crear | Villager (Male) |
| 7:50 | Crear | Villager (Male) |
| 8:15 | Construir | Mill |
| 8:18 | Crear | Villager (Male) |
| 8:46 | Construir | Mining Camp |
| 9:33 | Edad | Edad Feudal |
| 9:35 | Investigar | Double-Bit Axe |
| 9:36 | Investigar | Horse Collar |
| 9:41 | Construir | Farm |
| 9:45 | Construir | Farm |
| 10:03 | Crear | Villager (Male) |
| 10:09 | Construir | Farm |
| 10:14 | Crear | Villager (Male) |
| 10:29 | Construir | Farm |
| 10:31 | Crear | Villager (Male) |
| 10:39 | Construir | Farm |
| 10:56 | Construir | House |
| 11:01 | Investigar | Wheelbarrow |
| 11:08 | Construir | House |
| 11:09 | Construir | House |
| 11:11 | Construir | House |
| 11:23 | Construir | Farm |
| 11:48 | Construir | Farm |
| 12:04 | Crear | Villager (Male) |
| 12:05 | Crear | Villager (Male) |
| 12:09 | Crear | Villager (Male) |
| 12:35 | Construir | Blacksmith |
| 13:10 | Crear | Villager (Male) |
| 13:24 | Crear | Villager (Male) |
| 13:27 | Construir | House |
| 13:57 | Construir | Barracks |
| 14:19 | Crear | Villager (Male) |
| 14:19 | Crear | Villager (Male) |
| 14:29 | Construir | Farm |
| 14:42 | Construir | House |
| 15:09 | Construir | Stable |
| 15:11 | Construir | House |
| 15:23 | Construir | Farm |
| 15:32 | Crear | Villager (Male) |
| 15:43 | Crear | Villager (Male) |
| 15:50 | Crear | Villager (Male) |
| 15:59 | Crear | Villager (Male) |
| 16:05 | Construir | Farm |
| 16:14 | Investigar | Bloodlines |
| 16:19 | Construir | Farm |
| 16:26 | Construir | Farm |
| 16:33 | Construir | House |
| 16:51 | Crear | Scout Cavalry |
| 16:58 | Construir | Farm |
| 17:14 | Construir | House |
| 17:26 | Investigar | Castle Age |
| 17:33 | Construir | Farm |
| 17:39 | Construir | Farm |
| 17:48 | Construir | Mining Camp |
| 17:58 | Construir | Archery Range |
| 18:00 | Crear | Scout Cavalry |
| 18:26 | Crear | Scout Cavalry |
| 18:26 | Crear | Scout Cavalry |
| 18:30 | Investigar | Scale Barding Armor |
| 18:37 | Crear | Villager (Male) |
| 18:37 | Crear | Villager (Male) |
| 19:06 | Crear | Scout Cavalry |
| 19:07 | Crear | Scout Cavalry |
| 19:17 | Construir | House |
| 19:18 | Construir | House |
| 19:25 | Crear | Villager (Male) |
| 19:25 | Crear | Villager (Male) |
| 19:55 | Construir | Archery Range |
| 20:09 | Edad | Edad de los Castillos |
| 20:09 | Crear | Villager (Male) |
| 20:09 | Crear | Villager (Male) |
| 20:12 | Crear | Cavalry Archer |
| 20:12 | Crear | Cavalry Archer |
| 20:12 | Crear | Cavalry Archer |
| 20:14 | Investigar | Fletching |
| 20:21 | Crear | Villager (Male) |
| 20:43 | Crear | Villager (Male) |
| 20:50 | Investigar | Husbandry |
| 21:12 | Crear | Cavalry Archer ×4 |
| 21:24 | Construir | University |
| 21:29 | Construir | Mining Camp |
| 21:30 | Crear | Villager (Male) |
| 21:54 | Crear | Villager (Male) |
| 22:03 | Investigar | Light Cavalry (upgrade) |
| 23:22 | Crear | Villager (Male) |
| 23:23 | Crear | Villager (Male) |
| 23:41 | Construir | Town Center |
| 23:44 | Investigar | Bow Saw |
| 24:13 | Construir | Farm |
| 24:14 | Construir | Farm |
| 24:15 | Construir | Farm |
| 24:19 | Crear | Villager (Male) |
| 24:19 | Crear | Villager (Male) |
| 24:22 | Investigar | Bodkin Arrow |
| 24:38 | Crear | Cavalry Archer ×2 |
| 24:38 | Crear | Cavalry Archer ×2 |
| 24:46 | Crear | Villager (Male) |
| 24:47 | Crear | Villager (Male) |
| 25:26 | Crear | Villager (Male) |
| 25:26 | Crear | Villager (Male) |
| 25:26 | Crear | Villager (Male) |
| 25:39 | Investigar | Thumb Ring |
| 25:49 | Investigar | Padded Archer Armor |
| 26:20 | Construir | Siege Workshop |
| 26:33 | Crear | Scout Cavalry ×5 |
| 26:34 | Crear | Scout Cavalry ×5 |
| 26:34 | Crear | Scout Cavalry ×3 |
| 26:44 | Crear | Cavalry Archer ×5 |
| 26:44 | Crear | Cavalry Archer ×5 |
| 26:57 | Crear | Villager (Male) |
| 26:57 | Crear | Villager (Male) |
| 26:57 | Crear | Villager (Male) |
| 27:05 | Crear | Villager (Male) |
| 27:08 | Crear | Mangonel |
| 27:46 | Crear | Villager (Male) |
| 27:47 | Crear | Villager (Male) |
| 28:04 | Crear | Cavalry Archer ×5 |
| 28:04 | Crear | Cavalry Archer ×5 |
| 28:09 | Crear | Villager (Male) |
| 28:09 | Crear | Villager (Male) |
| 28:53 | Crear | Mangonel |
Build order — BidonElgris
Primeras 150 de 291 acciones detectadas
| 0:04 | Construir | House |
| 0:05 | Crear | Villager (Male) |
| 0:05 | Crear | Villager (Male) |
| 0:05 | Crear | Villager (Male) |
| 0:05 | Crear | Villager (Male) |
| 0:05 | Crear | Villager (Male) |
| 0:08 | Construir | House |
| 1:57 | Crear | Villager (Male) |
| 1:57 | Crear | Villager (Male) |
| 2:31 | Crear | Villager (Male) |
| 2:48 | Crear | Villager (Male) |
| 3:00 | Construir | House |
| 3:24 | Crear | Villager (Male) |
| 3:34 | Construir | Lumber Camp |
| 3:40 | Crear | Villager (Male) |
| 4:23 | Crear | Villager (Male) |
| 5:22 | Crear | Villager (Male) |
| 5:33 | Crear | Villager (Male) |
| 6:01 | Crear | Villager (Male) |
| 6:19 | Construir | Mill |
| 6:29 | Crear | Villager (Male) |
| 6:39 | Crear | Villager (Male) |
| 7:30 | Investigar | Loom |
| 8:06 | Crear | Villager (Male) |
| 8:21 | Construir | House |
| 8:34 | Investigar | Feudal Age |
| 8:47 | Construir | Barracks |
| 9:00 | Construir | House |
| 9:06 | Crear | Villager (Male) |
| 10:21 | Construir | House |
| 10:35 | Crear | Villager (Male) |
| 10:44 | Edad | Edad Feudal |
| 10:50 | Construir | Blacksmith |
| 10:54 | Investigar | Double-Bit Axe |
| 10:57 | Investigar | Horse Collar |
| 11:07 | Crear | Villager (Male) |
| 11:19 | Construir | Market |
| 11:22 | Crear | Villager (Male) |
| 11:38 | Construir | Farm |
| 11:45 | Construir | Mining Camp |
| 11:53 | Construir | Farm |
| 12:24 | Crear | Villager (Male) |
| 12:28 | Construir | Farm |
| 12:32 | Crear | Villager (Male) |
| 12:37 | Construir | Farm |
| 12:45 | Construir | Farm |
| 13:05 | Construir | Farm |
| 13:23 | Crear | Villager (Male) |
| 13:38 | Construir | Farm |
| 13:38 | Construir | Farm |
| 13:55 | Construir | Farm |
| 14:14 | Crear | Villager (Male) |
| 14:17 | Construir | Farm |
| 14:25 | Construir | Farm |
| 14:31 | Crear | Villager (Male) |
| 14:49 | Crear | Villager (Male) |
| 14:59 | Construir | Farm |
| 15:12 | Construir | Farm |
| 15:19 | Construir | Farm |
| 15:20 | Construir | Farm |
| 15:28 | Crear | Villager (Male) |
| 16:11 | Construir | Farm |
| 16:16 | Crear | Villager (Male) |
| 16:28 | Crear | Villager (Male) |
| 16:45 | Construir | Archery Range |
| 17:09 | Investigar | Castle Age |
| 17:19 | Construir | Mining Camp |
| 17:43 | Construir | House |
| 17:45 | Construir | House |
| 17:47 | Construir | House |
| 18:13 | Crear | Villager (Male) |
| 18:23 | Construir | House |
| 18:54 | Crear | Villager (Male) |
| 19:04 | Construir | House |
| 19:49 | Edad | Edad de los Castillos |
| 20:03 | Construir | Town Center |
| 20:08 | Crear | Villager (Male) |
| 20:10 | Investigar | Bow Saw |
| 20:14 | Investigar | Gold Mining |
| 20:19 | Crear | Villager (Male) |
| 21:02 | Crear | Villager (Male) |
| 21:18 | Crear | Villager (Male) |
| 21:27 | Investigar | Heavy Plow |
| 21:33 | Crear | Villager (Male) |
| 21:43 | Crear | Villager (Male) |
| 22:04 | Crear | Villager (Male) |
| 22:08 | Crear | Villager (Male) |
| 22:17 | Investigar | Stone Mining |
| 22:24 | Investigar | Fletching |
| 22:37 | Construir | Archery Range |
| 22:48 | Crear | Villager (Male) |
| 22:48 | Crear | Villager (Male) |
| 23:10 | Crear | Villager (Male) |
| 23:10 | Crear | Villager (Male) |
| 23:19 | Construir | Town Center |
| 23:26 | Crear | Villager (Male) |
| 23:52 | Crear | Cavalry Archer |
| 23:56 | Crear | Cavalry Archer ×2 |
| 24:26 | Crear | Villager (Male) |
| 24:26 | Crear | Villager (Male) |
| 24:27 | Crear | Villager (Male) |
| 24:41 | Crear | Villager (Male) |
| 24:41 | Crear | Villager (Male) |
| 24:42 | Crear | Villager (Male) |
| 24:50 | Crear | Cavalry Archer |
| 25:41 | Construir | Siege Workshop |
| 25:44 | Construir | Siege Workshop |
| 25:57 | Construir | House |
| 25:58 | Construir | House |
| 26:00 | Construir | House |
| 26:01 | Construir | House |
| 26:03 | Construir | House |
| 26:09 | Crear | Villager (Male) |
| 26:09 | Crear | Villager (Male) |
| 26:09 | Crear | Villager (Male) |
| 26:15 | Construir | Farm |
| 26:59 | Crear | Mangonel |
| 27:05 | Construir | House |
| 27:11 | Crear | Villager (Male) |
| 27:11 | Crear | Villager (Male) |
| 27:25 | Crear | Cavalry Archer ×2 |
| 27:54 | Construir | Farm |
| 28:37 | Crear | Villager (Male) |
| 28:38 | Crear | Villager (Male) |
| 28:49 | Construir | Siege Workshop |
| 28:50 | Construir | Siege Workshop |
| 29:03 | Crear | Mangonel |
| 29:07 | Crear | Cavalry Archer ×2 |
| 30:10 | Crear | Villager (Male) |
| 30:11 | Crear | Villager (Male) |
| 30:11 | Crear | Villager (Male) |
| 30:20 | Construir | Stable |
| 30:20 | Construir | Stable |
| 30:20 | Construir | Stable |
| 30:37 | Crear | Cavalry Archer ×5 |
| 31:08 | Crear | Mangonel |
| 32:06 | Construir | Castle |
| 32:56 | Construir | Town Center |
| 33:24 | Investigar | Imperial Age |
| 34:23 | Construir | Stone Wall |
| 34:33 | Crear | Villager (Male) |
| 34:33 | Crear | Villager (Male) |
| 34:48 | Crear | Mangudai ×5 |
| 34:48 | Crear | Mangudai ×5 |
| 34:52 | Crear | Mangudai ×2 |
| 35:53 | Construir | Siege Workshop |
| 35:53 | Construir | Siege Workshop |
| 36:07 | Construir | Archery Range |
| 36:07 | Construir | Archery Range |
| 36:12 | Investigar | Bodkin Arrow |
Cronología de la partida
| 1:19 | MezcalChief · wall_segment Palisade Wall x3 |
| 2:28 | MezcalChief · wall_segment Palisade Wall x3 |
| 2:40 | MezcalChief · wall_segment Palisade Wall x3 |
| 8:42 | LaBerni · first_building Barracks |
| 8:47 | BidonElgris · first_building Barracks |
| 9:12 | Mocho · first_building Barracks |
| 9:33 | Mr. Shlampter · age_up feudal |
| 9:51 | Retram60 · first_building Barracks |
| 9:59 | Mocho · age_up feudal |
| 10:33 | MezcalChief · first_building Barracks |
| 10:34 | Retram60 · age_up feudal |
| 10:37 | MezcalChief · wall_segment Palisade Wall x3 |
| 10:44 | BidonElgris · age_up feudal |
| 10:46 | LaBerni · age_up feudal |
| 10:59 | lalulelilo · age_up feudal |
| 11:09 | LaBerni · first_building Stable |
| 11:36 | MezcalChief · age_up feudal |
| 13:18 | eqofriendly · age_up feudal |
| 13:34 | lalulelilo · first_market_buy 100 food |
| 13:50 | lalulelilo · first_market_sell 100 wood |
| 13:54 | Mocho · first_market_sell 100 wood |
| 13:57 | Mr. Shlampter · first_building Barracks |
| 14:58 | Retram60 · first_market_buy 100 food |
| 15:09 | Mr. Shlampter · first_building Stable |
| 15:48 | MezcalChief · first_market_sell 100 wood |
| 16:36 | Mocho · age_up castle |
| 16:44 | lalulelilo · age_up castle |
| 16:45 | BidonElgris · first_building Archery Range |
| 16:53 | LaBerni · age_up castle |
| 17:11 | Mocho · first_market_buy 100 wood |
| 17:17 | MezcalChief · first_building Archery Range |
| 17:58 | Mr. Shlampter · first_building Archery Range |
| 18:10 | Retram60 · age_up castle |
| 18:34 | MezcalChief · age_up castle |
| 18:46 | Retram60 · first_market_sell 100 wood |
| 18:47 | MezcalChief · wall_segment Stone Wall x1 |
| 18:48 | eqofriendly · first_building Barracks |
| 18:49 | MezcalChief · wall_segment Stone Wall x1 |
| 19:02 | MezcalChief · first_building Castle |
| 19:49 | BidonElgris · age_up castle |
| 20:06 | Mocho · first_building Castle |
| 20:09 | Mr. Shlampter · age_up castle |
| 20:33 | eqofriendly · age_up castle |
| 20:47 | Retram60 · first_building Castle |
| 21:14 | LaBerni · first_building Castle |
| 21:16 | eqofriendly · first_market_buy 100 wood |
| 22:04 | Retram60 · first_building Siege Workshop |
| 22:17 | LaBerni · first_building Siege Workshop |
| 24:23 | LaBerni · first_building Archery Range |
| 24:52 | eqofriendly · first_building Castle |
| 25:03 | MezcalChief · first_building Monastery |
| 25:41 | BidonElgris · first_building Siege Workshop |
| 26:16 | lalulelilo · first_building Barracks |
| 26:20 | Mr. Shlampter · first_building Siege Workshop |
| 26:24 | MezcalChief · first_building Siege Workshop |
| 27:28 | Mocho · first_building Monastery |
| 27:37 | eqofriendly · first_market_sell 100 stone |
| 27:38 | lalulelilo · first_building Stable |
| 27:51 | lalulelilo · first_building Siege Workshop |
| 29:14 | lalulelilo · first_building Castle |
| 29:32 | Retram60 · first_building Stable |
| 30:20 | BidonElgris · first_building Stable |
| 31:55 | BidonElgris · first_market_buy 100 stone |
| 32:05 | MezcalChief · first_market_buy 500 food |
| 32:06 | BidonElgris · first_building Castle |
| 34:23 | BidonElgris · wall_segment Stone Wall x3 |
| 34:32 | Mr. Shlampter · first_building Castle |
| 35:18 | MezcalChief · age_up imperial |
| 35:21 | MezcalChief · first_building Stable |
| 36:34 | BidonElgris · age_up imperial |
| 36:35 | lalulelilo · age_up imperial |
| 37:00 | Mocho · age_up imperial |
| 37:36 | lalulelilo · wall_segment Palisade Wall x1 |
| 37:52 | Mocho · first_building Siege Workshop |
| 37:52 | Retram60 · age_up imperial |
| 37:54 | BidonElgris · first_market_sell 100 food |
| 38:17 | LaBerni · age_up imperial |
| 40:13 | Retram60 · first_building Monastery |
| 42:15 | Mr. Shlampter · first_market_buy 100 stone |
| 42:48 | Mr. Shlampter · age_up imperial |
| 42:49 | Mocho · first_building Stable |
| 49:52 | LaBerni · wall_segment Stone Wall x5 |
| 51:18 | lalulelilo · first_building Archery Range |
| 53:06 | LaBerni · wall_segment Stone Wall x14 |
| 53:12 | LaBerni · wall_segment Stone Wall x6 |
| 54:37 | Retram60 · resign |
| 54:44 | eqofriendly · age_up imperial |
[ ANÁLISIS IA · 1 CRÉDITO ]
¿Qué pasó realmente en esta partida?
Wolo.gg analiza cada decisión: build order, eco, micro, errores típicos por bracket. Análisis personalizado por WhatsApp o Discord en 30 segundos.
Guía civ
Bohemios
Perfil
Jugador #1162095